 Dungeon Crawl Stone Soup version 0.30-b1-2-g02819fbbbe (webtiles) character file.

Game seed: 8512658352837972268

8 Alarkh the Vexing (level 2, 21/21 HPs)
             Began as a Demonspawn Hexslinger on July 9, 2023.
             Got out of the dungeon alive.
             The game lasted 00:00:40 (389 turns).

Alarkh the Vexing (Demonspawn Hexslinger)            Turns: 389, Time: 00:00:40

Health: 21/21      AC:  2    Str: 10    XL:     2   Next: 0%
Magic:  3/3        EV: 12    Int: 14    God:
Gold:   36         SH:  0    Dex: 13    Spells: 2/3 levels left

rFire   . . .        a - +1 sling
rCold   . . .        (no shield)
rNeg    . . .        c - +0 robe
rPois   .            (helmet restricted)
rElec   .            (no cloak)
rCorr   .            (no gloves)
SInv    .            (no boots)
Will    .....        (no amulet)
Stlth   +            (no ring)
HPRegen 0.23/turn    (no ring)
MPRegen 0.08/turn

%: no passive effects
@: no status effects
A: horns 1
a: no special abilities


You escaped.
You visited 1 branch of the dungeon, and saw 1 of its levels.

You collected 36 gold pieces.

Inventory:

Hand Weapons
 a - a +1 sling (weapon)
Armour
 c - a +0 robe (worn)
Scrolls
 b - 2 scrolls of poison
 d - 2 scrolls of summoning {unknown}
 e - 3 scrolls of identify {unknown}
 h - 2 scrolls of magic mapping {unknown}
Potions
 f - a potion of might {unknown}
 g - a potion of degeneration {unknown}


   Skills:
 + Level 1.3 Fighting
 * Level 2.2 Ranged Weapons
 - Level 1.7 Dodging
 - Level 1.0 Spellcasting
 - Level 3.0 Hexes


You had 2 spell levels left.
You knew the following spells:

 Your Spells              Type           Power      Damage    Failure   Level
a - Slow                  Hex            36%        N/A       8%          1

Your spell library contained the following spells:

 Spells                   Type           Power      Damage    Failure   Level
 Inner Flame              Hex/Fire       4%         N/A       38%         3
 Portal Projectile        Hex/Tloc       8%         N/A       38%         3
 Cause Fear               Hex            4%         N/A       58%         4


Dungeon Overview and Level Annotations

Branches:
Dungeon (1/15)

Altars:


Innate Abilities, Weirdness & Mutations

You have a pair of small horns on your head.


Message History

You shoot a sling bullet.
The sling bullet closely misses the ball python.
You shoot a sling bullet. The sling bullet hits the ball python.
You kill the ball python!
No target in view!
e - 3 scrolls labelled PIOW BEATOHIADA (gained 1)
h - 2 scrolls labelled ASKYIV YNAUTUG (gained 1)
You now have 36 gold pieces (gained 13).
Found a dagger.
Found a stone staircase leading down.
b - 2 scrolls of poison (gained 1)
A rat comes into view.
A rat is nearby!
You shoot a sling bullet. The sling bullet hits the rat.
The rat is heavily wounded.
The rat barely misses you.
You shoot a sling bullet. The sling bullet hits the rat.
You kill the rat!
No target in view!
You see here a rat corpse.
There is a large open door here.
You open the door.
There is a large open door here.
Things that are here:
a +0 dagger; 2 stones You open the large door.
You see here 4 stones.
A hobgoblin comes into view.
A hobgoblin is nearby!
A hobgoblin is nearby!
A hobgoblin is nearby!
You shoot a sling bullet. The sling bullet hits the hobgoblin!
You kill the hobgoblin!
You have reached level 2!
Your demonic ancestry asserts itself...
A pair of horns grows on your head!
Unknown command.
There is a large open door here.
There is a staircase leading out of the dungeon here.
Are you sure you want to leave the Dungeon?
This will make you lose the game!
You have escaped!

. #....#######P....#.###. .###
##...## #P.P♣....#.. ...##
#...#######♣#...♣.#....# #..###
#...###P.'..#.♣.....##.. ###...#
#..###PP.#.P#.......##.. ......#
#.####♣..####)......##.. ......#
#.#P♣#♣...#...P.P..##...
..[...####.'.P#P...'...♣.♣..##.#.
.....(.##..'.P#♣@..'......P.##.#.
.......##..#P♣#P..P#.P......##.#.
...........####P..####......##.#.
...)..##....###P♣.#P.#.P♣......#.
......##..#..###P.'.♣#.♣...#.###.
.#######.##..#######P#...♣...###.
. #.##...## ##...P.#.##..
#.##.#..#######.......##..
#.##.##......###..#.#.....


There were no monsters in sight!

Vanquished Creatures
  3 ball pythons (D:1)
  A hobgoblin (D:1)
  2 frilled lizards (D:1)
  A kobold (D:1)
  A rat (D:1)
8 creatures vanquished.

Notes
Turn   | Place    | Note
-------+----------+-------------------------------------------
     0 | D:1      | Alarkh the Demonspawn Hexslinger began the quest for the
                  | Orb.
     0 | D:1      | Reached XP level 1. HP: 15/15 MP: 2/2
   349 | D:1      | Gained mutation: You have a pair of small horns on your
                  | head. [demonic ancestry]
   349 | D:1      | Reached XP level 2. HP: 21/21 MP: 3/3
   389 | D:$      | Got out of the dungeon alive.

Illustrated notes

Levels and vault maps discovered:
D:1:      denvon_arrival_planthouse, layout_rooms,
          dreamdust_ecumenical_altar_statues

Skill      XL: |  1 |
---------------+----+-----
Ranged Weapons | 2 |  2.2
Fighting       | |  1.3
Dodging        | |  1.7
Spellcasting   | |  1.0
Hexes          | |  3.0

Action                     || total
---------------------------++-------
   Fire: Sling             ||    21
  Dodge: Dodged            ||     4
